 Dungeon Crawl Stone Soup version 0.30.1-1-g62c8e00024 (webtiles) character file.

Game seed: 7433632434362222740

2522 Fodor the Protected (level 9, -5/79 HPs)
             Began as a Minotaur Fighter on July 15, 2023.
             Shot with an arrow by a centaur (8 damage)
             ... on level 8 of the Dungeon.
             The game lasted 00:27:29 (6195 turns).

Fodor the Protected (Minotaur Fighter)              Turns: 6195, Time: 00:27:30

Health: -5/79      AC: 15    Str: 25    XL:     9   Next: 29%
Magic:  17/17      EV: 11    Int:  5    God:
Gold:   302        SH:  5    Dex: 10    Spells: 8/8 levels left

rFire   + . .        F - +4 war axe
rCold   . . .        c - +0 buckler
rNeg    + . .        s - +6 scale mail "Koc Diq" {rElec}
rPois   +            m - +0 hat of the Maze {rF+ MP+9 Slay+4}
rElec   +            (no cloak)
rCorr   .            h - +0 pair of gloves
SInv    .            (no boots)
Will    .....        (no amulet) Stlth
                     j - ring of positive energy
HPRegen 0.33/turn    (no ring)
MPRegen 0.15/turn

%: no passive effects
@: lethally poisoned (-5 -> -6)
A: horns 2, retaliatory headbutt, deterioration 1, poison resistance, subdued
magic 1
a: no special abilities


You were on level 8 of the Dungeon.
You visited 1 branch of the dungeon, and saw 8 of its levels.

You collected 302 gold pieces.

Inventory:

Hand Weapons
 q - a +2 short sword of holy wrath
 B - a +0 shortbow
 F - a +4 war axe (weapon)
Missiles
 w - 14 poisoned darts (quivered)
Armour
 c - a +0 buckler (worn)
 h - a +0 pair of gloves (worn)
 m - the +0 hat of the Maze (worn) {rF+ MP+9 Slay+4}
   (You found it on level 5 of the Dungeon)

   Slay:      It affects your accuracy & damage with ranged weapons and melee
   (+4).
   rF:        It protects you from fire.
   MP:        It affects your magic capacity (+9).
 s - the +6 scale mail "Koc Diq" (worn) {rElec}
   (You found it on level 3 of the Dungeon)

   rElec:     It insulates you from electricity.
Jewellery
 j - a ring of positive energy (left hand)
Wands
 x - a wand of iceblast (27)
 D - a wand of charming (9)
Scrolls
 g - 3 scrolls of summoning
 i - 3 scrolls of teleportation
 l - 2 scrolls of poison
 n - 2 scrolls of magic mapping
 p - a scroll of fear
 v - a scroll of vulnerability
 y - a scroll of immolation {unknown}
 C - a scroll of amnesia {unknown}
 E - a scroll of blinking {unknown}
Potions
 a - a potion of cancellation {unknown}
 b - 2 potions of heal wounds {unknown}
 d - 3 potions of might
 e - 2 potions of mutation
 o - 3 potions of degeneration {unknown}
 r - 2 potions of haste {unknown}
 t - 5 potions of lignification {unknown}
 u - a potion of invisibility {unknown}
 z - a potion of magic {unknown}
 A - 3 potions of flight {unknown}


   Skills:
 + Level 7.2 Fighting
 + Level 6.7(7.3) Short Blades
 + Level 4.7(6.6) Long Blades
 + Level 0.8 Axes
 + Level 1.0 Throwing
 + Level 8.4 Armour
 + Level 3.6 Dodging
 + Level 1.0 Stealth
 + Level 6.7 Shields


You had 8 spell levels left.
You didn't know any spells.
Your spell library was empty.

Dungeon Overview and Level Annotations

Branches:
Dungeon (8/15)
 Temple: D:4-7         Lair: D:8-11

Altars:
Cheibriados
Hepliaklqana
The Shining One

Shops:
D:5 (


Innate Abilities, Weirdness & Mutations

You have a pair of horns on your head.
You reflexively headbutt those who attack you in melee.
Your body sometimes deteriorates upon taking damage.
Your system is resistant to poisons. (rPois)
Your spells are a little easier to cast, but a little less powerful.


Message History

The killer bee attacks as you move away!
The killer bee stings you but does no damage.
The killer bee attacks as you move away!
The killer bee stings you!
The killer bee attacks as you move away!
The killer bee closely misses you.
You feel sick. The killer bee stings you.
You are more poisoned.
The killer bee poisons you! The killer bee closely misses you. x2
You furiously retaliate!
You headbutt the killer bee. The killer bee barely misses you.
You furiously retaliate!
You headbutt the killer bee!
The killer bee attacks as you move away!
The killer bee stings you but does no damage.
The killer bee attacks as you move away!
The killer bee stings you.
* * * LOW HITPOINT WARNING * * *
You feel very sick.
The killer bee stings you but does no damage. x3
There is an open door here.
You feel sick.
You feel very sick. The killer bee barely misses you. You furiously retaliate!
You headbutt the killer bee! The killer bee stings you.
* * * LOW HITPOINT WARNING * * *
The killer bee stings you but does no damage.
You feel sick. The killer bee barely misses you.
There is a stone staircase leading down here.
You can't go up here!
* * * LOW HITPOINT WARNING * * *
You feel sick.
You climb downwards.
You feel sick.
The centaur shouts!
You hear an angry hiss.
Found 8 stones and a leather armour.
There is a stone staircase leading up here.
You slice the killer bee!!
You kill the killer bee!
You feel sick.
The centaur wields a +0 shortbow.
The centaur shoots an arrow.
The arrow barely misses you.
You feel sick.
The centaur shoots an arrow.
The arrow hits you!
You die...

# ###.#
......
####c..(..
####@....#
+....<...#
####.###.#
.... ..
##.## # ..
..# #..
##[


You could see a centaur.

Vanquished Creatures
  3 yaks (D:5)
  A steam dragon (D:6)
  2 ice beasts (D:6)
  2 black bears
  2 ogres
  A centaur (D:5)
  2 phantoms
  2 kobold brigands (D:4)
  A scorpion (D:5)
  3 wights (D:6)
  A killer bee (D:8)
  A howler monkey (D:6)
  A jelly (D:6)
  An iron imp (D:3)
  3 orc priests
  A gnoll bouda (D:5)
  A hound (D:4)
  Natasha (twice) (D:2)
  5 iguanas
  3 orc wizards
  6 gnolls
  13 adders
  2 white imps
  2 ufetubi
  A dart slug (D:1)
  20 orcs
  17 ball pythons
  7 bats
  5 endoplasms
  A giant cockroach (D:2)
  5 goblins
  5 hobgoblins
  15 kobolds
  4 quokkas
  3 frilled lizards
  5 rats
149 creatures vanquished.

Notes
Turn   | Place    | Note
-------+----------+-------------------------------------------
     0 | D:1      | Fodor the Minotaur Fighter began the quest for the Orb.
     0 | D:1      | Reached XP level 1. HP: 19/19 MP: 0/0
   222 | D:1      | Reached skill level 4 in Armour
   222 | D:1      | Reached XP level 2. HP: 19/27 MP: 1/1
   636 | D:1      | Reached XP level 3. HP: 33/33 MP: 2/2
  1176 | D:2      | Reached XP level 4. HP: 40/40 MP: 3/3
  1558 | D:2      | Noticed Natasha
  1566 | D:2      | Killed Natasha
  1567 | D:2      | Reached XP level 5. HP: 47/47 MP: 4/4
  1620 | D:2      | Noticed Natasha
  1626 | D:2      | Killed Natasha
  1895 | D:3      | Identified the +6 scale mail "Koc Diq" {rElec}
  2188 | D:3      | Found a snail-covered altar of Cheibriados.
  2195 | D:3      | Reached skill level 5 in Armour
  2270 | D:3      | Reached skill level 1 in Short Blades
  2270 | D:3      | Reached skill level 1 in Dodging
  2482 | D:4      | Noticed a phantom
  2490 | D:4      | Killed a phantom
  2491 | D:4      | Reached XP level 6. HP: 53/53 MP: 5/5
  2533 | D:4      | Reached skill level 5 in Fighting
  2580 | D:4      | Reached skill level 5 in Shields
  2580 | D:4      | Reached XP level 7. HP: 19/61 MP: 6/6
  3376 | D:4      | Identified the ring of Ommann {Int+4 SInv}
  3554 | D:5      | Entered Level 5 of the Dungeon
  3572 | D:5      | Reached skill level 6 in Armour
  3817 | D:5      | Reached XP level 8. HP: 37/70 MP: 7/7
  4044 | D:5      | Found a glowing golden altar of the Shining One.
  4162 | D:5      | Reached skill level 7 in Armour
  4172 | D:5      | Gained mutation: Your spells are a little easier to cast,
                  | but a little less powerful. [potion of mutation]
  4172 | D:5      | Gained mutation: Your body sometimes deteriorates upon
                  | taking damage. [potion of mutation]
  4172 | D:5      | Gained mutation: Your system is resistant to poisons.
                  | (rPois) [potion of mutation]
  4409 | D:5      | Identified the +0 hat of the Maze {rF+ MP+9 Slay+4}
  4653 | D:5      | Found Wodu's Firing Range.
  4821 | D:5      | Reached skill level 5 in Short Blades
  5326 | D:6      | Reached skill level 1 in Throwing
  5327 | D:6      | Found a hazy altar of Hepliaklqana.
  5394 | D:6      | Reached XP level 9. HP: 77/78 MP: 8/8
  5481 | D:6      | Reached skill level 8 in Armour
  5770 | D:6      | Reached skill level 1 in Stealth
  6195 | D:8      | HP: 3/79 [poisoned by a killer bee]
  6195 | D:8      | Shot with an arrow by a centaur

Illustrated notes

Levels and vault maps discovered:
D:1:      psy_arrival_radial02, layout_loops_ring
D:2:      layout_loops_ring, st_stairs_13, minmay_snake_closets, uniq_natasha
D:3:      layout_loops_cross, chei_slow_surprise, kennysheep_boxes
D:4:      cheibrodos_thug_alley, layout_cave_pools
D:5:      layout_basic, mainiacjoe_overflow_paths, fountainhead,
          corexii_item_surrounded_by_moat, nicolae_shop_firing_range
D:6:      layout_basic, mainiacjoe_overflow_small_starburst
D:7:      layout_basic, nicolae_qazlal_beasts_of_the_sky, dk_yredelemnul_ordeal,
          minmay_temple_entry_mini_moons, serial_corexii_hall,
          corexii_hall_statues_x, chequers_hall_statues_wall_a,
          corexii_hall_statues_l, kennysheep_nondescript, uniq_joseph
D:8:      layout_basic, nicolae_ru_path_of_blood,
          mainiacjoe_overflow_surrounded_room, mainiacjoe_overflow_alcove_4,
          uniq_pikel

Skill      XL: |  1  2  3  4  5  6  7  8  9 |
---------------+----------------------------+-----
Fighting       | 4 5 6 7 |  7.2
Armour         | 4 5 6 7 8 |  8.4
Shields        | 4 5 6 |  6.7
Long Blades    | 3 4 |  4.7
Short Blades   | 1 2 3 5 6 |  6.7
Dodging        | 1 2 3 |  3.6
Throwing       | 1 |  1.0
Stealth        | 1 |  1.0
Axes           | |  0.8

Action                     |  1- 3 |  4- 6 |  7- 9 || total
---------------------------+-------+-------+-------++-------
  Melee: Long sword        |    60 |    40 |       ||   100
         Headbutt          |     9 |    17 |    58 ||    84
         Short sword       |       |    88 |   279 ||   367
         War axe           |       |       |    20 ||    20
  Throw: Dart              |       |       |     7 ||     7
    Use: Potion            |       |       |     3 ||     3
         Scroll            |       |       |     8 ||     8
 Armour: Scale mail        |    23 |    49 |   167 ||   239
         Chain mail        |     9 |    45 |       ||    54
  Dodge: Dodged            |    29 |    65 |   161 ||   255
  Block: Buckler           |    20 |    37 |    74 ||   131
